 Dungeon Crawl Stone Soup version 0.31-a0-219-g8d62b2e7bb (webtiles) character file.

Game seed: 15882249211213921993

548 Newt the Skirmisher (level 7, -3/39 HPs)
             Began as a Kobold Hunter on July 3, 2023.
             Was a Follower of Hepliaklqana.
             Killed by divine providence
             ... invoked by an orc priest
              (14 damage)
             ... on level 5 of the Dungeon.
             The game lasted 00:05:55 (3563 turns).

Newt the Skirmisher (Kobold Hunter)                 Turns: 3563, Time: 00:05:56

Health: -3/39      AC:  6    Str:  8    XL:     7   Next: 53%
Magic:  7/7        EV: 14    Int: 11    God:    Hepliaklqana [*.....]
Gold:   95         SH:  0    Dex: 20    Spells: 6/6 levels left

rFire   . . .        a - +0 shortbow
rCold   . . .        (shield currently unavailable)
rNeg    . . .        c - +1 leather armour
rPois   .            (no helmet)
rElec   .            j - +0 cloak
rCorr   .            (no gloves)
SInv    +            k - +0 pair of boots
Will    .....        (no amulet)
Stlth   +++          n - ring of see invisible
HPRegen 0.26/turn    (no ring)
MPRegen 0.10/turn

%: no passive effects
@: no status effects
A: reduced essence, small, no large weapons, nightstalker 3
a: Renounce Religion, Recall Ancestor, Ancestor Identity


You were on level 5 of the Dungeon.
You worshipped Hepliaklqana.
Hepliaklqana was aware of your devotion.
You visited 1 branch of the dungeon, and saw 5 of its levels.

You collected 179 gold pieces.
You spent 84 gold pieces at shops.

Inventory:

Hand Weapons
 a - a +0 shortbow (weapon)
 g - a +0 sling
Armour
 c - a +1 leather armour (worn)
 j - a +0 cloak (worn)
 k - a +0 pair of boots (worn)
Jewellery
 n - a ring of see invisible (left hand)
Scrolls
 h - 2 scrolls of fear
 i - a scroll of fog
 l - a scroll of poison
 p - a scroll of identify
Potions
 b - a potion of might {unknown}
 d - a potion of heal wounds
 e - a potion of mutation {unknown}
 f - a potion of magic {unknown}
 m - a potion of cancellation {unknown}
 o - 2 potions of lignification
 q - a potion of degeneration {unknown}
 r - a potion of curing


   Skills:
 - Level 5.0 Fighting
 + Level 9.8 Ranged Weapons
 - Level 2.4 Dodging
 - Level 1.3 Stealth


You had 6 spell levels left.
You didn't know any spells.
Your spell library contained the following spells:

 Spells                   Type           Power      Damage    Failure   Level
 Sting                    Tmut/Pois      0%         1d3       45%         1
 Summon Small Mammal      Summ           0%         N/A       45%         1
 Blink                    Tloc           0%         N/A       61%         2
 Lesser Beckoning         Tloc           0%         N/A       61%         2
 Momentum Strike          Conj/Tloc      0%         3d8       61%         2
 Poisonous Vapours        Pois/Air       0%         N/A       61%         2
 Call Canine Familiar     Summ           0%         N/A       83%         3
 Dazzling Flash           Conj/Hex       0%         N/A       83%         3
 Summon Guardian Golem    Hex/Summ       0%         N/A       83%         3
 Olgreb's Toxic Radiance  Pois           0%         N/A       99%         4
 Agony                    Necr           0%         N/A       100%        5
 Silence                  Hex/Air        0%         N/A       100%        5


Dungeon Overview and Level Annotations

Branches:
Dungeon (5/15)
 Temple: D:4-7

Altars:
Hepliaklqana

Shops:
D:5 :[!


Innate Abilities, Weirdness & Mutations

Your life essence is reduced to manifest your ancestor. (-10% HP)
You are small and have problems with some larger weapons.
You are completely attuned to the shadows.


Message History

You shoot an arrow. The arrow barely misses the orc wizard.
Dejan barely misses the orc wizard.
The orc wizard gestures at you while chanting.
You are confused.
An orc comes into view. It is wielding a +0 mace.
An iguana comes into view.
You are too confused!
You are too confused!
You are too confused!
You are too confused!
Unknown command.
You shoot an arrow.
Dejan hits the orc wizard.
You shoot an arrow. Dejan avoids your attack.
The arrow hits the iguana but does no damage.
The iguana closely misses Dejan.
Dejan barely misses the orc wizard.
You shoot an arrow.
A gnoll sergeant comes into view. It is wielding a +2 heavy trident.
The iguana barely misses Dejan.
Dejan closely misses the orc wizard.
You shoot an arrow.
An orc priest comes into view. It is wielding a +0 club.
The orc wizard casts a spell at you. The magic dart hits you.
The iguana bites Dejan.
Dejan hits the orc wizard.
A quokka comes into view.
The orc closely misses you.
The orc priest calls down the wrath of Beogh upon you.
Beogh smites you!
The orc wizard hits you but does no damage.
The iguana bites Dejan!
Dejan barely misses the orc wizard.
The orc wizard attacks as you move away!
The orc wizard hits you with a +0 dagger.
You feel less confused. The gnoll sergeant misses you.
The iguana barely misses Dejan.
The orc attacks as you move away! The orc misses you.
Dejan closely misses the orc wizard.
The gnoll sergeant hits you from afar with a +2 heavy trident!
* * * LOW HITPOINT WARNING * * *
The orc attacks as you move away! The orc hits you but does no damage.
The orc priest mumbles some strange prayers to Beogh against you.
Beogh smites you!
You die...

## #.## #.#...### ##..#
## ..#...#.#
####...##.###
........###.......o...#
......#........<@o.o...
......#...##...##.Rgr..
.#.#....#.##........l..
#.#..##...#.....###...
#...............# .#
.......... #...
.#.....#


You could see the friendly Dejan the ancestor, a gnoll sergeant, an iguana, an
orc priest, an orc wizard (ally target), an orc and a quokka.

Vanquished Creatures
  Sigmund (D:4)
  An ogre (D:4)
  Blork the orc (D:4)
  A hound (D:4)
  An iguana (D:5)
  7 gnolls
  3 adders
  An ufetubus (D:4)
  A worm (D:2)
  2 dart slugs (D:1)
  6 orcs
  A ball python (D:1)
  7 endoplasms
  2 giant cockroaches
  4 goblins
  6 hobgoblins
  6 jackals
  4 quokkas
  7 bats
  4 frilled lizards
  5 kobolds
  2 rats (D:2)
73 creatures vanquished.

Notes
Turn   | Place    | Note
-------+----------+-------------------------------------------
     0 | D:1      | Newt the Kobold Hunter began the quest for the Orb.
     0 | D:1      | Reached XP level 1. HP: 12/12 MP: 1/1
    80 | D:1      | Reached XP level 2. HP: 18/18 MP: 2/2
   319 | D:1      | Reached XP level 3. HP: 23/23 MP: 3/3
  1202 | D:2      | Reached XP level 4. HP: 30/30 MP: 4/4
  1291 | D:2      | Found a hazy altar of Hepliaklqana.
  1412 | D:2      | Became a worshipper of Hepliaklqana the Forgotten
  1601 | D:2      | Reached skill level 5 in Fighting
  1913 | D:3      | Noticed a wight
  1919 | D:3      | Noticed a wight
  1985 | D:3      | Reached XP level 5. HP: 30/33 MP: 5/5
  1995 | D:3      | Reached skill level 6 in Ranged Weapons
  2485 | D:4      | You fall into a shaft and drop 1 floor!
  2485 | D:5      | Entered Level 5 of the Dungeon
  2509 | D:4      | Noticed Sigmund
  2623 | D:4      | Killed Sigmund
  2624 | D:4      | Reached skill level 8 in Ranged Weapons
  2624 | D:4      | Reached XP level 6. HP: 24/40 MP: 6/6
  2852 | D:4      | Noticed Blork the orc
  2856 | D:4      | Killed Blork the orc
  2857 | D:4      | Reached XP level 7. HP: 44/44 MP: 7/7
  2908 | D:4      | Reached skill level 9 in Ranged Weapons
  2952 | D:4      | Reached * piety under Hepliaklqana
  3500 | D:5      | Found Milol's Distillery.
  3500 | D:5      | Found Wyfyed's Antique Armour Emporium.
  3501 | D:5      | Found Ritheu's Book Emporium.
  3502 | D:5      | Bought a potion of curing for 42 gold pieces
  3502 | D:5      | Bought a potion of lignification for 42 gold pieces
  3563 | D:5      | Killed from afar by an orc priest

Illustrated notes

Levels and vault maps discovered:
D:1:      dpeg_arrival_concentric_ovals, layout_loops_ring, grunt_decor_junction
D:2:      layout_basic, basic_altar, st_stairs_5
D:3:      layout_basic, mainiacjoe_overflow_chevrons, vehumet_crystals,
          minmay_vboxes
D:4:      layout_basic, columned_hall_lemuel, uniq_sigmund, uniq_blork_the_orc
D:5:      minmay_clustersquares, layout_cave_pools, serial_column_ruins,
          column_ruins_hut, column_ruins_open_small, column_ruins_corridor_T,
          column_ruins_grid_3, column_ruins_corridor_corner,
          column_ruins_columns_straight, column_ruins_open_small,
          column_ruins_grid_2, nicolae_shop_distant_corner_stores,
          palyth_stone_intersect, minmay_ruined_shrine

Skill      XL: |  1  2  3  4  5  6  7 |
---------------+----------------------+-----
Fighting       | 3 4 5 |  5.0
Ranged Weapons | 8 9 |  9.8
Dodging        | |  2.4
Stealth        | |  1.3

Action                     |  1- 3 |  4- 6 |  7- 9 || total
---------------------------+-------+-------+-------++-------
   Fire: Shortbow          |   100 |   115 |    28 ||   243
    Use: Scroll            |     8 |     3 |       ||    11
         Potion            |       |     1 |       ||     1
 Armour: Leather armour    |    10 |    15 |     4 ||    29
  Dodge: Dodged            |    37 |    42 |     8 ||    87

Table legend: (Time is in decaauts)
 A = Elapsed time spent in this place.
 B = Non-inter-level travel time spent in this place.
 C = Inter-level travel time spent in this place.
 D = Time resting spent in this place.
 E = Time spent auto-exploring this place.
 F = Levels seen in this place.
 G = Mean time per level.
                   A        B        C        D        E       F      G
               +--------+--------+--------+--------+--------+-----+--------+
         Total |   3597 |   3412 |    185 |    350 |   2414 |   5 |  719.4 |
       Dungeon |   3597 |   3412 |    185 |    350 |   2414 |   5 |  719.4 |
               +--------+--------+--------+--------+--------+-----+--------+

Top non-repeatable levels by time:
     D:4: 1036 daAuts
     D:2: 1010 daAuts
     D:1: 855 daAuts
     D:3: 592 daAuts
     D:5: 103 daAuts
